 Dungeon Crawl Stone Soup version 0.25-a0-713-g4845790 (webtiles) character file.

Game seed: 11719222868316194012, levelgen mode: deterministic

86 BlueFish the Magician (level 4, -2/32 HPs)
             Began as a Mummy Wizard on Apr 5, 2020.
             Slain by Sigmund
             ... wielding a +0 scythe
              (12 damage)
             ... on level 2 of the Dungeon.
             The game lasted 00:08:53 (3157 turns).

BlueFish the Magician (Mummy Wizard)                Turns: 3157, Time: 00:08:54

Health: -2/32      AC:  2    Str: 10    XL:     4   Next: 27%
Magic:  4/11       EV: 12    Int: 18    God:
Gold:   92         SH:  0    Dex: 10    Spells: 4/14 levels left

rFire    x . .     SeeInvis .   e - +0 dagger (curse)
rCold    + . .     Gourm    .   (no shield)
rNeg     + + +     Faith    .   a - +0 robe
rPois    ∞         Spirit   .   b - +0 hat
rElec    .         Reflect  .   (no cloak)
rCorr    .         Harm     .   (no gloves)
MR       .....                  (no boots)
Stlth    ++........             (no amulet)
HPRegen  0.10/turn              (no ring)
MPRegen  0.12/turn              (no ring)

@: no status effects
A: no food or potions, fire vulnerability, cold resistance 1, negative energy
resistance 3, torment resistance, unbreathing
a: no special abilities


You were on level 2 of the Dungeon.
You were not hungry.

You visited 1 branch of the dungeon, and saw 2 of its levels.

You collected 92 gold pieces.

Inventory:

Hand Weapons
 c - a +0 short sword
 e - a cursed +0 dagger (weapon)
 g - a +0 whip
Armour
 a - a +0 robe (worn)
 b - a +0 hat (worn)
Scrolls
 d - a scroll of immolation
 f - 2 scrolls of amnesia
 h - a scroll of teleportation
 i - a scroll of identify


   Skills:
 * Level 1.0 Fighting
 * Level 2.0 Dodging
 * Level 1.7 Stealth
 * Level 5.5 Spellcasting
 + Level 1.2 Conjurations
 + Level 0.7 Summonings
 + Level 0.7 Translocations


You had 4 spell levels left.
You knew the following spells:

 Your Spells              Type           Power        Failure   Level  Hunger
a - Magic Dart            Conj           #...         8%          1    N/A
b - Call Imp              Summ           #.......     14%         2    N/A
c - Blink                 Tloc           N/A          14%         2    N/A
d - Slow                  Hex            #.......     19%         2    N/A
e - Mephitic Cloud        Conj/Pois/Air  #.......     32%         3    N/A

Your spell library contained the following spells:

 Spells                   Type           Power        Failure   Level  Hunger
 Conjure Flame            Conj/Fire      #.......     28%         3    N/A

Dungeon Overview and Level Annotations

Branches:
Dungeon (2/15)

Altars:

Annotations:
D:2 Sigmund


Innate Abilities, Weirdness & Mutations

You do not eat or drink.
Your flesh is vulnerable to fire.
You are immune to poison.
Your flesh is cold resistant. (rC+)
You are immune to negative energy. (rN+++)
You are immune to unholy pain and torment.
You can survive without breathing.


Message History

Sigmund is engulfed in noxious fumes.
Sigmund appears confused.
Sigmund closely misses you.
You hit Sigmund but do no damage.
Sigmund is heavily wounded.
The gnoll hits you from afar with a +0 spear.
Casting: Mephitic Cloud (safe; 32% risk of failure)
Confirm with . or Enter, or press ? or * to list all spells.
Aiming: Mephitic Cloud (safe; 32% risk of failure)
Press: ? - help, Shift-Dir - straight line, f/p - Sigmund
Aim: Sigmund, wielding a +0 scythe and wearing a +0 robe (heavily wounded, confused)
The ball explodes into a vile cloud!
The stinking cloud engulfs Sigmund but does no damage.
Sigmund is heavily wounded.
The stinking cloud engulfs you but does no damage.
The stinking cloud engulfs the worm but does no damage.
The worm is lightly wounded.
The stinking cloud engulfs the gnoll but does no damage.
Sigmund is engulfed in noxious fumes.
Sigmund appears confused.
Sigmund hits you with a +0 scythe!
You die...

## ## ########## ..##.
#........# ###. ... #..!.....#
##.... #. #........# ######...#
#.
#.......(####.#w○..###########.
#..........<..@@............g..
#.....(..###.g##gg#######..g##.
#....(..÷.>.).###$.......<(.##.
#....÷#.#.##..# #######........
#.........##..# ##...##..
#.....#.......# #.#.####
###.....#.#...# ..#.#
#g#.#.....#.. ..##.#
#.)...#.....# ... #..


You could see Sigmund (confused), a worm, 2 gnolls and a hobgoblin.

Vanquished Creatures
  2 gnolls
  2 adders
  2 dart slugs (D:1)
  A leopard gecko (D:1)
  2 bats (D:1)
  2 giant cockroaches (D:1)
  3 goblins
  6 hobgoblins
  3 jackals (D:1)
  A quokka (D:2)
  4 frilled lizards
  10 kobolds
  6 rats (D:1)
44 creatures vanquished.

Notes
Turn   | Place    | Note
-------+----------+-------------------------------------------
     0 | D:1      | BlueFish the Mummy Wizard began the quest for the Orb.
     0 | D:1      | Reached XP level 1. HP: 13/13 MP: 5/5
   428 | D:1      | Reached XP level 2. HP: 20/20 MP: 2/7
   854 | D:1      | Reached XP level 3. HP: 25/25 MP: 0/9
   860 | D:1      | Learned a level 2 spell: Call Imp
   863 | D:1      | Learned a level 2 spell: Blink
   866 | D:1      | Learned a level 2 spell: Slow
   870 | D:1      | Learned a level 3 spell: Mephitic Cloud
   885 | D:1      | Reached skill level 1 in Conjurations
  1074 | D:1      | Reached skill level 5 in Spellcasting
  2208 | D:2      | Noticed Sigmund
  2433 | D:2      | Reached XP level 4. HP: 13/31 MP: 0/11
  2790 | D:1      | Reached skill level 1 in Fighting
  3157 | D:2      | Slain by Sigmund

Levels and vault maps discovered:
D:1:      roderic_crop_circles_arrival_small, layout_basic
D:2:      layout_rooms, hangedman_decor_points, uniq_sigmund

Skill      XL: |  1  2  3  4 |
---------------+-------------+-----
Conjurations   | 1 |  1.2
Spellcasting   | 5 |  5.5
Dodging        | 2 |  2.0
Fighting       | 1 |  1.0
Stealth        | |  1.7
Summonings     | |  0.7
Translocations | |  0.7

Action                   |  1- 3 |  4- 6 || total
-------------------------+-------+-------++-------
Melee: Unarmed           |    10 |       ||    10
       Dagger            |    14 |    12 ||    26
 Cast: Magic Dart        |   124 |     8 ||   132
       Mephitic Cloud    |       |     4 ||     4
  Use: Scroll            |     4 |       ||     4
 Stab: Confused          |       |     1 ||     1
Armor: Robe              |     8 |     1 ||     9
Dodge: Dodged            |    47 |    13 ||    60

Table legend:
 A = Non-vault XP
 B = Vault XP
 C = Vault XP percentage of total XP
 D = Non-vault monster count
 E = Vault monster count
 F = Vault count percentage of total count
                 A         B        C        D         E       F
            +---------+---------+-------+---------+---------+-------
      Total |     124 |       0 |   0.0 |      44 |       0 |   0.0
            +---------+---------+-------+---------+---------+-------
        D:1 |      84 |       0 |   0.0 |      34 |       0 |   0.0
        D:2 |      40 |       0 |   0.0 |      10 |       0 |   0.0
            +---------+---------+-------+---------+---------+-------
